 Dungeon Sprint DCSS version 0.29-a0-1006-g0dd7720b37 (webtiles) character file.

Game seed: 13616938982348197119

62523 wilfster70 the Slayer (level 14, -3/160 HPs)
             Began as a Minotaur Fighter on Aug 6, 2022.
             Was an Initiate of Gozag.
             Slain by wilfster70's illusion (illusionary) (26 damage)
             ... woven by Mara
             ... in the Dungeon (Sprint IX: "|||||||||||||||||||||||||||||").
             The game lasted 00:20:06 (7971 turns).

wilfster70 the Slayer (Minotaur Fighter)            Turns: 7971, Time: 00:20:06

Health: -3/160     AC: 31    Str: 25    XL:     14   Next: 64%
Magic:  0/13       EV: 13    Int: 10    God:    Gozag
Gold:   6717       SH: 15    Dex: 11    Spells: 13/13 levels left

rFire   + . .      SeeInvis .   a - +5 broad axe (vorpal)
rCold   + . .      Faith    .   H - +0 kite shield {reflect}
rNeg    . . .      Spirit   +   p - +2 plate armour {rPois}
rPois   +          Reflect  +   (helmet restricted)
rElec   +          Harm     .   F - scarf {rC+ rF+}
rCorr   .          Rampage  .   n - +2 pair of gloves
Will    ++...      NoTele   +   z - +0 pair of boots
Stlth   ..........              v - amulet of Odweis {Spirit rElec Will+ Str+2 Stlth+}
HPRegen 0.36/turn               o - +2 ring of protection
MPRegen 0.13/turn               q - +3 ring of intelligence

@: on berserk cooldown, slowed, very slow
A: horns 2, retaliatory headbutt
a: Renounce Religion, Potion Petition, Call Merchant, Bribe Branch


You were in the Dungeon.
You worshipped Gozag.
Gozag was greatly pleased with you.
You visited 1 branch You collected 17343 gold pieces.
You spent 3355 gold pieces at shops.
You paid 7271 gold pieces to Gozag.

Inventory:

Hand Weapons
 a - a +5 vorpal broad axe (weapon)
 b - a +2 morningstar of protection
Missiles
 c - 4 throwing nets
 s - 8 javelins (quivered)
Armour
 n - a +2 pair of gloves (worn)
 p - a +2 plate armour of poison resistance (worn)
 y - a +1 tower shield
 z - a +0 pair of boots (worn)
 E - a +1 cloak of poison resistance
 F - a scarf of resistance (worn)
 G - a +3 plate armour of willpower
 H - a +0 kite shield of reflection (worn)
Jewellery
 o - a +2 ring of protection (left hand)
 q - a +3 ring of intelligence (right hand)
 v - the amulet of Odweis (around neck) {Spirit rElec Will+ Str+2 Stlth+}
   (You bought it in a shop in the Dungeon)

   [amulet of guardian spirit]

   It causes incoming damage to be divided between your reserves of health and
   magic.
   Str:       It affects your strength (+2).
   rElec:     It insulates you from electricity.
   Will:      It increases your willpower.
   Stlth:     It makes you more stealthy.
 x - a ring of flight
 B - a ring of willpower
 C - a ring of poison resistance
 D - a ring of protection from cold
Wands
 m - a wand of acid (16)
 t - a wand of paralysis (7)
Scrolls
 j - 3 scrolls of blinking
 l - 2 scrolls of amnesia
 r - 2 scrolls of identify
 w - a scroll of fog
 A - a scroll of fear
Potions
 d - 2 potions of might
 e - 3 potions of curing
 f - 7 potions of heal wounds
 g - 2 potions of haste
 h - 4 potions of magic
 i - a potion of brilliance
 k - a potion of invisibility
 u - 2 potions of mutation


   Skills:
 + Level 24.5 Fighting
 - Level 18.0 Axes
 + Level 24.4 Armour
 - Level 15.6 Dodging
 * Level 20.5 Shields
 + Level 14.7 Evocations


You had 13 spell levels left.
You didn't know any spells.
Your spell library was empty.

Dungeon Overview and Level Annotations

Branches:
Dungeon (1/1)

Altars:
Cheibriados
Dithmenos
Elyvilon
Fedhas
Gozag
Hepliaklqana
Kikubaaqudgha
Makhleb
Nemelex Xobeh
Okawaru
Qazlal
Ru
Sif Muna
Trog
Uskayaw
Vehumet
Wu Jian
Xom
Yredelemnul
Zin
The Shining One
Jiyva
Lugonu

Shops:
D ([[=**[=[[

Annotations:
D Mara


Innate Abilities, Weirdness & Mutations

You have a pair of horns on your head.
You reflexively headbutt those who attack you in melee.


Message History

Mara shimmers.
Mara shimmers and seems to become two!
You slice Mara!!
You kill Mara!
Mara shimmers and vanishes!
You hit wilfster70's illusion but do no damage.
Mara gestures.
Mara blinks!
You block wilfster70's illusion's attack.
Mara hits you with a +4 demon blade of electrocution!!
* * * LOW HITPOINT WARNING * * *
You miss Mara.
Mara is lightly wounded.
You hit wilfster70's illusion but do no damage.
Mara says, "Thou art lean, ill-favoured, death is in thy neighbourhood!"
You block Mara's attack.
You slash Mara!
Mara is moderately wounded.
You hit wilfster70's illusion but do no damage.
Mara is no longer covered in acid. x2
Mara hits you with a +4 demon blade of electrocution!
* * * LOW HITPOINT WARNING * * *
Wilfster70's illusion completely misses you.
Mara completely misses you.
You slash Mara! Your headbutt misses Mara.
Mara is heavily wounded.
You hit wilfster70's illusion but do no damage.
You block Mara's attack.
You block wilfster70's illusion's attack.
You closely miss Mara. Your headbutt misses Mara.
Mara is heavily wounded.
You hit wilfster70's illusion but do no damage.
You block Mara's attack.
You barely miss Mara.
Mara is heavily wounded.
You hit wilfster70's illusion.
Mara hits you with a +4 demon blade of electrocution.
Wilfster70's illusion hits you!!
You die...
Your body crumbles into a pile of gold.

.................................
▓▓▓▓▓▓▓▓▓▓▓▓♣♣♣♣♣♣♣♣♣♣▓▓▓▓▓▓▓▓▓▓▓
)'....))...).).......'....∩....'.
▓▓▓▓▓▓▓▓▓▓▓▓♣♣♣♣♣♣♣♣♣♣▓▓▓▓▓▓▓▓▓▓▓
........................)........
▓▓▓▓▓▓▓▓▓▓▓▓▓▓▓▓▓▓▓▓▓▓▓▓▓▓▓▓▓▓▓▓▓
..........).).......[........[)[[
▓▓▓▓▓▓▓▓▓▓▓▓▓▓▓▓▓▓▓▓▓▓▓▓▓▓▓▓▓▓▓▓▓
..............R@@R........,,,,,,,
▓▓▓▓▓▓▓▓▓▓▓▓▓▓▓▓▓▓▓▓▓▓▓▓▓▓*******
,,,,,,,,,,,,,,,,,,,,,,,,,,,,,,,,,
*********************************
,,,,,,,,,,,,,,,,,,,,,,,,,,,,,,,,,
*********************************
,,,,,,,,,,,+,,,,,,,,,,,,,+,,,,,,,
*********************************
,,,,,,,,,,,,,,,,,,,,,,,,,,,,,,,,,


You could see 2 Maras and wilfster70's illusion (slow).

Vanquished Creatures
  Saint Roka (D)
  A sphinx (D)
  Donald (D)
  A frost giant (D)
  2 vault wardens (D)
  An orc warlord (D)
  2 ironbound preservers (D)
  A stone giant (D)
  3 ironbound thunderhulks (D)
  2 very ugly things (D)
  A dire elephant (D)
  An entropy weaver (D)
  2 bunyips (D)
  3 spark wasps (D)
  2 ettins (D)
  2 fire dragons (D)
  A merfolk javelineer (D)
  4 hydras (D)
  Harold (D)
  A spriggan air mage (D)
  5 ice dragons (D)
  A salamander tyrant (D)
  A boulder beetle (D)
  2 centaur warriors (D)
  A naga warrior (D)
  2 alligators (D)
  A deep troll earth mage (D)
  A death yak (D)
  2 deep troll shamans (D)
  A naga sharpshooter (D)
  A vampire mage (D)
  An orc high priest (D)
  3 spriggan berserkers (D)
  A salamander mystic (D)
  A skeletal warrior (D)
  A glowing orange brain (D)
  A swamp dragon (D)
  A steelbarb worm (D)
  A sea snake (D)
  3 ironbound convokers (D)
  A wolf spider (D)
  A necromancer (D)
  2 harpies (D)
  2 wizards (D)
  6 orc knights (D)
  3 ugly things (D)
  2 vault sentinels (D)
  A torpor snail (D)
  A water nymph (D)
  4 black mambas (D)
  A guardian serpent (D)
  2 cane toads (D)
  A gargoyle (D)
  A demonic crawler (D)
  2 komodo dragons (D)
  A kobold demonologist (D)
  A freezing wraith (D)
  An efreet (D)
  A rime drake (D)
  A yaktaur (D)
  A merfolk (D)
  A troll (D)
  A wind drake (D)
  2 slime creatures (D)
  2 tarantellas (D)
  A blink frog (D)
  2 snapping turtles (D)
  3 polar bears (D)
  A jumping spider (D)
  3 wraiths (D)
  Eustachio (D)
  2 yaks (D)
  Grum (D)
  A vampire mosquito (D)
  A redback (D)
  A naga (D)
  4 water moccasins (D)
  21 orc warriors (D)
  5 black bears (D)
  A centaur (D)
  4 wolves (D)
  A bullfrog (D)
  A howler monkey (D)
  3 orc priests (D)
  3 orc wizards (D)
  An adder (D)
  An ufetubus (D)
  13 orcs (D)
  A ball python (D)
  A goblin (D)
  A quokka (D)
  A bat simulacrum (D)
  A kobold (D)
  2 rats (D)
188 creatures vanquished.

Vanquished Creatures (others)
  A naga sharpshooter (D)
  A bloated husk (D)
  A naga (D)
3 creatures vanquished.

Grand Total: 191 creatures vanquished

Notes
Turn   | Place    | Note
-------+----------+-------------------------------------------
     0 | D        | wilfster70 the Minotaur Fighter began the quest for the
                  | Orb.
     0 | D        | Reached XP level 1. HP: 19/19 MP: 0/0
     8 | D        | Reached skill level 1 in Dodging
    17 | D        | Noticed a howler monkey
    20 | D        | Killed a howler monkey
    21 | D        | Reached skill level 5 in Axes
    21 | D        | Reached skill level 5 in Armour
    21 | D        | Reached skill level 5 in Shields
    21 | D        | Reached XP level 2. HP: 25/28 MP: 1/1
    21 | D        | Reached XP level 3. HP: 32/35 MP: 2/2
    25 | D        | Reached skill level 5 in Fighting
   124 | D        | Found a snail-covered altar of Cheibriados.
   124 | D        | Found a shadowy altar of Dithmenos.
   124 | D        | Found a white marble altar of Elyvilon.
   124 | D        | Found a blossoming altar of Fedhas.
   124 | D        | Found an opulent altar of Gozag.
   125 | D        | Found a hazy altar of Hepliaklqana.
   126 | D        | Found a viscous altar of Jiyva.
   127 | D        | Found an ancient bone altar of Kikubaaqudgha.
   128 | D        | Found a corrupted altar of Lugonu.
   129 | D        | Found a burning altar of Makhleb.
   130 | D        | Found a sparkling altar of Nemelex Xobeh.
   131 | D        | Found an iron altar of Okawaru.
   132 | D        | Became a worshipper of Gozag Ym Sagoz the Greedy
   133 | D        | Found a stormy altar of Qazlal.
   134 | D        | Found a sacrificial altar of Ru.
   135 | D        | Found a shimmering blue altar of Sif Muna.
   136 | D        | Found a bloodstained altar of Trog.
   137 | D        | Found a hide-covered altar of Uskayaw.
   138 | D        | Found a radiant altar of Vehumet.
   139 | D        | Found an ornate altar of the Wu Jian Council.
   140 | D        | Found a shimmering altar of Xom.
   141 | D        | Found a basalt altar of Yredelemnul.
   142 | D        | Found a glowing silver altar of Zin.
   143 | D        | Found a glowing golden altar of the Shining One.
   190 | D        | Noticed a wraith
   190 | D        | Noticed a wraith
   190 | D        | Noticed an orc warrior
   190 | D        | Noticed a centaur
   190 | D        | Noticed a wraith
   194 | D        | Killed a wraith
   195 | D        | Reached XP level 4. HP: 36/45 MP: 3/3
   195 | D        | Reached XP level 5. HP: 40/51 MP: 4/4
   198 | D        | Killed a centaur
   199 | D        | Reached skill level 10 in Axes
   199 | D        | Reached skill level 5 in Dodging
   199 | D        | Reached XP level 6. HP: 47/60 MP: 5/5
   200 | D        | Killed an orc warrior
   216 | D        | Killed a wraith
   217 | D        | Reached XP level 7. HP: 32/69 MP: 6/6
   225 | D        | Killed a wraith
   444 | D        | Noticed a kobold demonologist
   444 | D        | Noticed a green ugly thing
   444 | D        | Noticed a komodo dragon
   444 | D        | Noticed a gargoyle
   444 | D        | Noticed an efreet
   444 | D        | Noticed a troll
   446 | D        | Killed a troll
   449 | D        | Killed an efreet
   450 | D        | Reached skill level 10 in Fighting
   450 | D        | Reached skill level 10 in Armour
   450 | D        | Reached XP level 8. HP: 79/79 MP: 7/7
   453 | D        | Killed a gargoyle
   456 | D        | Killed a komodo dragon
   458 | D        | Noticed an orange demon
   468 | D        | Killed a green ugly thing
   469 | D        | Reached skill level 15 in Axes
   469 | D        | Reached XP level 9. HP: 30/89 MP: 8/8
   479 | D        | Killed a kobold demonologist
   480 | D        | Reached skill level 10 in Dodging
   844 | D        | Noticed an eight-headed hydra
   844 | D        | Noticed a black mamba
   844 | D        | Noticed a komodo dragon
   851 | D        | Killed a komodo dragon
   864 | D        | Killed an eight-headed hydra
   871 | D        | Killed a black mamba
   878 | D        | Reached XP level 10. HP: 11/100 MP: 9/9
  1197 | D        | Bought the amulet of Odweis {Spirit rElec Will+ Str+2
                  | Stlth+} for 735 gold pieces
  1213 | D        | Noticed a black mamba
  1213 | D        | Noticed an eight-headed hydra
  1213 | D        | Noticed a cane toad
  1213 | D        | Noticed a black mamba
  1214 | D        | Noticed a death yak
  1215 | D        | Killed a black mamba
  1218 | D        | Noticed a cane toad
  1222 | D        | Killed an eight-headed hydra
  1226 | D        | Killed a cane toad
  1236 | D        | Killed a death yak
  1241 | D        | Killed a black mamba
  1249 | D        | Killed a cane toad
  1250 | D        | Reached skill level 15 in Fighting
  1250 | D        | Reached skill level 15 in Armour
  1567 | D        | Reached XP level 11. HP: 113/113 MP: 10/10
  1945 | D        | Bought a +2 plate armour of poison resistance for 518 gold
                  | pieces
  1956 | D        | Bought a +0 kite shield of protection for 161 gold pieces
  1997 | D        | Noticed an orc knight
  2004 | D        | Killed an orc knight
  2008 | D        | Noticed an orc high priest
  2020 | D        | Killed an orc high priest
  2073 | D        | Found Lunogaaxoo's Antique Armour Boutique.
  2073 | D        | Noticed an orc knight
  2073 | D        | Noticed an orc knight
  2175 | D        | Killed an orc knight
  2189 | D        | Killed an orc knight
  2190 | D        | Reached skill level 15 in Dodging
  2530 | D        | Noticed an orc knight
  2544 | D        | Killed an orc knight
  2626 | D        | Noticed an orc knight
  2636 | D        | Killed an orc knight
  2779 | D        | Found Amepus's Assorted Antiques.
  2783 | D        | Found Atifad's Jewellery Boutique.
  2787 | D        | Found Axtise's Antique Armour Shop.
  2792 | D        | Noticed an orc knight
  2801 | D        | Killed an orc knight
  2821 | D        | Bought a wand of acid (7) for 705 gold pieces
  2845 | D        | Noticed Harold
  2862 | D        | Killed Harold
  2863 | D        | Reached skill level 1 in Evocations
  2992 | D        | Noticed Grum
  3001 | D        | Killed Grum
  3005 | D        | Reached skill level 10 in Shields
  3016 | D        | Bought a scroll labelled UHALICI JOOM for 30 gold pieces
  3033 | D        | Noticed Eustachio
  3060 | D        | Killed Eustachio
  3203 | D        | Noticed a centaur warrior
  3203 | D        | Noticed a purple ugly thing
  3203 | D        | Noticed a boulder beetle
  3203 | D        | Noticed a skeletal warrior
  3203 | D        | Noticed a wizard
  3209 | D        | Killed a wizard
  3213 | D        | Noticed a red ugly thing
  3219 | D        | Noticed a stone giant
  3226 | D        | Killed a skeletal warrior
  3227 | D        | Reached XP level 12. HP: 90/127 MP: 8/11
  3232 | D        | Killed a centaur warrior
  3241 | D        | Killed a boulder beetle
  3248 | D        | Reached skill level 5 in Evocations
  3254 | D        | Killed a stone giant
  3587 | D        | Noticed a fire dragon
  3588 | D        | Noticed a green very ugly thing
  3589 | D        | Noticed a deep troll earth mage
  3590 | D        | Noticed an ice dragon
  3598 | D        | Killed a green very ugly thing
  3611 | D        | Killed a fire dragon
  3616 | D        | Killed a deep troll earth mage
  3623 | D        | Killed an ice dragon
  3842 | D        | Noticed Saint Roka
  3859 | D        | Killed Saint Roka
  4145 | D        | Noticed a spark wasp
  4174 | D        | Killed a spark wasp
  4310 | D        | Bought a scarf of resistance for 576 gold pieces
  4324 | D        | Noticed a seven-headed hydra
  4324 | D        | Noticed an eight-headed hydra
  4324 | D        | Noticed a bunyip
  4333 | D        | Noticed a bunyip
  4338 | D        | Killed a bunyip
  4339 | D        | Reached XP level 13. HP: 125/139 MP: 10/12
  4356 | D        | Reached skill level 15 in Shields
  4364 | D        | Killed a bunyip
  4669 | D        | Reached skill level 10 in Evocations
  4814 | D        | Noticed a merfolk javelineer
  4841 | D        | Killed a merfolk javelineer
  5333 | D        | Bought a +3 plate armour of willpower for 630 gold pieces
  5733 | D        | Noticed Donald
  5749 | D        | Killed Donald
  5857 | D        | Noticed a fire dragon
  5859 | D        | Noticed a spark wasp
  5907 | D        | Noticed an ettin
  5910 | D        | Killed a fire dragon
  5921 | D        | Killed a spark wasp
  6498 | D        | Killed an ettin
  6499 | D        | Reached XP level 14. HP: 140/155 MP: 13/13
  6677 | D        | Noticed a frost giant
  6688 | D        | Killed a frost giant
  6951 | D        | Noticed an ironbound thunderhulk
  6951 | D        | Noticed a vault warden
  6952 | D        | Noticed an orc warlord
  6961 | D        | Killed a vault warden
  6966 | D        | Noticed an ironbound preserver
  6970 | D        | Killed an ironbound thunderhulk
  7050 | D        | Killed an orc warlord
  7055 | D        | Killed an ironbound preserver
  7219 | D        | Noticed a sphinx
  7238 | D        | Killed a sphinx
  7239 | D        | Noticed a vault warden
  7241 | D        | Noticed an ironbound thunderhulk
  7243 | D        | Noticed a green very ugly thing
  7420 | D        | Killed a vault warden
  7431 | D        | Killed an ironbound thunderhulk
  7561 | D        | Killed a green very ugly thing
  7656 | D        | Noticed an ironbound thunderhulk
  7668 | D        | Killed an ironbound thunderhulk
  7738 | D        | Noticed an ironbound preserver
  7749 | D        | Killed an ironbound preserver
  7915 | D        | Noticed Mara
  7916 | D        | Noticed wilfster70's illusion
  7949 | D        | Noticed wilfster70's illusion
  7954 | D        | Noticed wilfster70's illusion
  7971 | D        | Slain by wilfster70's illusion (illusionary)

Illustrated notes

Levels and vault maps discovered:
D:        linesprint [early_d, line_temple, items_1, d_10, items_2, lair_1,
          lair_end, items_3, orc_1, orc_end, items_4, d_15, swamp_1, shoals_1,
          snake_1, spider_1, d_20, vaults_1, items_5, swamp_end, shoals_end,
          snake_end, spider_end, vaults_end, d_27, items_6, zot_1, zot_end,
          crypt_end, forest_end, elf_end, slime_end, tomb_end, abyss_end,
          pan_hell_end]

Skill      XL: |  1  2  3  4  5  6  7  8  9 10 11 12 13 14 |
---------------+-------------------------------------------+-----
Axes           | 5 9 10 11 13 15 17 18 | 18.0
Dodging        | 2 4 5 6 8 9 11 13 15 | 15.6
Armour         | 5 6 7 8 10 11 12 15 17 20 22 24 | 24.4
Shields        | 5 6 10 14 18 20 | 20.5
Fighting       | 4 6 7 8 10 11 12 15 17 20 22 24 | 24.5
Evocations     | 3 8 12 14 | 14.7

Action                   |  1- 3 |  4- 6 |  7- 9 | 10-12 | 13-15 || total
-------------------------+-------+-------+-------+-------+-------++-------
Melee: War axe           |    14 |       |       |       |       ||    14
       Headbutt          |     3 |     1 |    14 |    94 |   116 ||   228
       Broad axe         |     4 |    18 |    57 |   395 |   402 ||   876
       Morningstar       |       |       |     9 |     9 |    17 ||    35
Invok: Call Merchant     |       |       |       |     6 |       ||     6
       Potion Petition   |       |       |       |       |     3 ||     3
Evoke: Wand              |       |       |       |     1 |     1 ||     2
  Use: Potion            |       |       |     3 |     2 |     1 ||     6
       Scroll            |       |       |     2 |     6 |     1 ||     9
 Stab: Distracted        |       |       |     1 |     2 |     2 ||     5
       Invisible         |       |       |       |       |     3 ||     3
Armor: Scale mail        |     4 |       |       |       |       ||     4
       Chain mail        |     2 |     9 |    37 |    51 |       ||    99
       Plate armour      |       |       |       |   118 |   116 ||   234
Dodge: Dodged            |     4 |     3 |    35 |   118 |    92 ||   252
Block: Buckler           |     4 |     6 |    15 |    19 |       ||    44
       Kite shield       |       |       |       |    55 |    65 ||   120
       Tower shield      |       |       |       |   108 |   214 ||   322
       Reflection        |       |       |       |       |     1 ||     1

Table legend: (Time is in decaauts)
 A = Elapsed time spent in this place.
 B = Non-inter-level travel time spent in this place.
 C = Inter-level travel time spent in this place.
 D = Time resting spent in this place.
 E = Time spent auto-exploring this place.
 F = Levels seen in this place.
 G = Mean time per level.
                   A        B        C        D        E       F      G
               +--------+--------+--------+--------+--------+-----+--------+
         Total |   7869 |   7219 |    650 |   3972 |    447 |   1 | 7869.0 |
       Dungeon |   7869 |   7219 |    650 |   3972 |    447 |   1 | 7869.0 |
               +--------+--------+--------+--------+--------+-----+--------+

Top non-repeatable levels by time:
       D: 7869 daAuts
